AoeStats
← KR0N0S-

Arabia

509623099Analyzed
1v1 RM · 4d ago on Sep 27, 2026· 47m 27s· 2 players
Game mode
Random Map
Map size
Tiny (2 player)
Population
200
Speed
Normal
Resources
Standard
Victory
Conquest
Starting age
Dark Age
Ending age
Imperial Age
RankedLock teamsTeams togetherTeam positionsShared explorationLock speedFull tech treeHidden civsTurbo modeCheats
Victory
Defeat
🇧🇷 Tatars · Brazil
949
+15
🇨🇱 Mongols · Chile
923
-15
KR0N0S-
9:41 Loom
11:33 Feudal Age
12:54 Double-Bit Axe
21:06 Castle Age
18:59 Horse Collar
19:53 Gold Mining
20:38 Fletching
20:48 Padded Archer Armor
22:21 Bodkin Arrow
22:26 Padded Archer Armor
29:54 Wheelbarrow
30:28 Bow Saw
32:59 Hand Cart
33:42 Leather Archer Armor
37:45 Imperial Age
39:42 Bracer
39:54 Forging
39:44 Scale Mail Armor
39:50 Pikeman
40:31 Squires
40:17 Elite Skirmisher
42:24 Heavy Plow
45:41 Ballistics
NãoÉOGustavo
7:53 Loom
9:57 Feudal Age
10:36 Double-Bit Axe
11:23 Horse Collar
20:14 Castle Age
18:33 Gold Mining
20:29 Scale Barding Armor
20:50 Bloodlines
21:15 Bow Saw
22:08 Husbandry
23:53 Wheelbarrow
23:45 Heavy Plow
24:12 Chain Barding Armor
24:53 Forging
27:58 Light Cavalry
28:43 Town Watch
29:19 Hand Cart
28:55 Stone Mining
29:56 Iron Casting
33:47 Silk Armor
40:29 Imperial Age
39:57 Gold Shaft Mining
41:35 Conscription
41:25 Timurid Siegecraft
40:44 Elite Keshik
42:03 Plate Barding Armor
42:15 Crop Rotation
43:24 Blast Furnace
42:18 Fletching
42:00 Hussar
46:13 Bodkin Arrow
47:22 Timurid Siegecraft
Connection lost

Rejoining the realm…

Still unreachable

The connection could not be restored.

Session expired

The server has moved on; the page needs a fresh start.